 Dungeon Crawl Stone Soup version 0.30-a0-371-gad7725a93e (webtiles) character file.

Game seed: 17666938482901072614

1243 Shayle the Chopper (level 8, -1/76 HPs)
             Began as a Naga Reaver on Nov 20, 2022.
             Was an Initiate of Ashenzari.
             Killed from afar by a steam dragon (8 damage)
             ... with a ball of steam
             ... on level 7 of the Dungeon.
             The game lasted 00:15:22 (5794 turns).

Shayle the Chopper (Naga Reaver)                    Turns: 5794, Time: 00:15:23

Health: -1/76      AC:  5    Str: 17    XL:     8   Next: 50%
Magic:  11/11      EV: 10    Int: 15    God:    Ashenzari [......]
Gold:   129        SH:  0    Dex: 10    Spells: 7/11 levels left

rFire   . . .      SeeInvis +    A - +6 quarterstaff "Bipalorohush" {venom, rC+ Str+2 SInv}
rCold   + . .      Faith    .    (shield currently unavailable)
rNeg    . . .      Spirit   .    b - +0 leather armour
rPois   +          Reflect  .    (no helmet)
rElec   .          Harm     .    y - +0 cloak
rCorr   .          Rampage  .    (no gloves)
Will    +....                    (no barding)
Stlth   +.........               (no amulet)
HPRegen 0.32/turn                (no ring)
MPRegen 0.12/turn                (no ring)

@: short of breath, very slow
A: AC +2, large, see invisible, deformed body, poison resistance, slowness 2,
spit poison 1, naga tail 1
a: Spit Poison, Renounce Religion


You were on level 7 of the Dungeon.
You worshipped Ashenzari.
Ashenzari was noncommittal.
You visited 2 branches of the dungeon, and saw 8 of its levels.

You collected 269 gold pieces.
You spent 140 gold pieces at shops.

Inventory:

Hand Weapons
 a - a +0 hand axe
 s - a +2 dagger of venom
 A - the +6 quarterstaff "Bipalorohush" (weapon) {venom, rC+ Str+2 SInv}
   (You found it on level 5 of the Dungeon)

   It poisons the flesh of those it strikes.
   Str:       It affects your strength (+2).
   rC:        It protects you from cold.
   SInv:      It lets you see invisible.
Armour
 b - a +0 leather armour (worn)
 y - a +0 cloak (worn)
Jewellery
 c - a ring of protection from fire
 l - a ring of flight
 w - a ring of positive energy
 D - the amulet of Elemental Vulnerability {rPois rF-- rC-- AC+8}
   (You found it on level 6 of the Dungeon)

   [amulet of nothing]

   AC:        It affects your AC (+8).
   rF:        It makes you very vulnerable to fire.
   rC:        It makes you very vulnerable to cold.
   rPois:     It protects you from poison.
Wands
 p - a wand of polymorph (9)
Scrolls
 e - 2 scrolls of butterflies
 f - 2 scrolls of amnesia {unknown}
 g - 3 scrolls of noise
 j - 2 scrolls of immolation
 k - 2 scrolls of enchant weapon {unknown}
 o - 2 scrolls of magic mapping {unknown}
 q - a scroll of summoning {unknown}
 t - 2 scrolls of fear
 x - a scroll of vulnerability {unknown}
 B - a scroll of identify
Potions
 d - a potion of cancellation {unknown}
 h - 3 potions of lignification
 i - 3 potions of haste
 m - a potion of berserk rage {unknown}
 n - 2 potions of attraction
 r - 4 potions of degeneration
 u - a potion of curing
 z - a potion of might {unknown}
 C - a potion of invisibility {unknown}
 E - 2 potions of ambrosia {unknown}


   Skills:
 + Level 6.0 Fighting
 + Level 6.4 Axes
 + Level 5.0 Dodging
 - Level 2.0 Spellcasting
 - Level 3.0 Conjurations


You had 7 spell levels left.
You knew the following spells:

 Your Spells              Type           Power      Damage    Failure   Level
a - Kiss of Death         Conj/Necr      24%        2d7       14%         1
b - Hailstorm             Conj/Ice       6%         3d4       41%         3

Your spell library contained the following spells:

 Spells                   Type           Power      Damage    Failure   Level
 Momentum Strike          Conj/Tloc      12%        3d8       22%         2
 Blink                    Tloc           2%         N/A       38%         2
 Ensorcelled Hibernation  Hex/Ice        2%         N/A       38%         2
 Mephitic Cloud           Conj/Pois/Air  4%         N/A       47%         3
 Lesser Beckoning         Tloc           2%         N/A       63%         3
 Portal Projectile        Hex/Tloc       2%         N/A       63%         3
 Tukima's Dance           Hex            1%         N/A       63%         3
 Blade Hands              Tmut           0%         N/A       100%        5
 Silence                  Hex/Air        0%         N/A       100%        5
 Orb of Destruction       Conj           5%         9d5       100%        7


Dungeon Overview and Level Annotations

Branches:
Dungeon (7/15)             Temple (1/1) D:6

Altars:
Ashenzari
Fedhas
Kikubaaqudgha
Makhleb
Sif Muna
Trog
Uskayaw
Vehumet
Wu Jian
Zin
The Shining One

Shops:
D:3 !


Innate Abilities, Weirdness & Mutations

Your serpentine skin is tough. (AC +2)
You have supernaturally acute eyesight. (SInv)
Armour fits poorly on your strangely shaped body.
Your system is resistant to poisons. (rPois)
You cover ground very slowly.
You can spit poison.
You have a snake-like lower body.


Message History

The steam dragon breathes steam at you.
The ball of steam hits the kobold!!
The kobold dies!
The ball of steam misses you. The steam dragon breathes steam at you.
The ball of steam hits you! The steam dragon bites you.
The steam dragon closely misses you.
You sock the steam dragon!
The steam dragon is moderately wounded.
The steam dragon bites you.
* * * LOW HITPOINT WARNING * * *
The steam dragon closely misses you.
Unknown command.
You feel much better. The steam dragon barely misses you.
The steam dragon claws you.
Aiming: Spit Poison (1% risk of failure)
Press: ? - help, Shift-Dir - straight line, f - steam dragon
Aim: a steam dragon (moderately wounded, 64% to hit)
The splash of poison hits the steam dragon.
The steam dragon is poisoned.
The steam dragon is heavily wounded.
The steam dragon breathes steam at you. The ball of steam hits you!!
* * * LOW HITPOINT WARNING * * *
You barely miss the steam dragon.
The steam dragon is heavily wounded.
You are engulfed in a cloud of scalding steam.
* * * LOW HITPOINT WARNING * * *
The steam dragon closely misses you.
The steam dragon claws you but does no damage.
Unknown command.
You sock the steam dragon!
The steam dragon looks even sicker.
The steam dragon is severely wounded.
You are engulfed in a cloud of scalding steam.
* * * LOW HITPOINT WARNING * * *
The steam dragon bites you but does no damage.
The steam dragon closely misses you. The steam dragon breathes steam at you.
The ball of steam hits you!
You die...

....##.#
....##.#∩
###..#.#
##.....#
#..#...# #####
..####.# +...
### #.##
####.### #..###
#.KD.§.#
#....###.##@#.#
#.##.#...##.#
.#
...##)..####..
# #.##....##
###. #. #.#.##
#. . .....# ..
........# ..
.....)..# ..
#.#####..


You could see a steam dragon (very poisoned, catching breath) and a kobold.

Vanquished Creatures
  An orc warrior (D:7)
  An ogre (D:6)
  A black bear (D:6)
  A phantom (D:4)
  A kobold brigand (D:7)
  Blork the orc (D:4)
  A necrophage (D:6)
  A bullfrog (D:6)
  A scorpion (D:3)
  2 howler monkeys
  3 hounds
  A jelly (D:6)
  An orc priest (D:4)
  Ijyb (D:5)
  3 iguanas
  3 orc wizards
  3 gnolls (D:3)
  3 adders
  2 white imps (D:6)
  An ufetubus (D:6)
  A worm (D:3)
  A dart slug (D:4)
  6 orcs
  5 ball pythons
  4 bats
  13 endoplasms
  2 giant cockroaches
  5 goblins
  11 hobgoblins
  2 jackals (D:1)
  3 quokkas
  5 frilled lizards
  12 kobolds
  5 rats
107 creatures vanquished.

Vanquished Creatures (others)
  A kobold (D:7)
  5 toadstools (D:1)
6 creatures vanquished.

Grand Total: 113 creatures vanquished

Notes
Turn   | Place    | Note
-------+----------+-------------------------------------------
     0 | D:1      | Shayle the Naga Reaver began the quest for the Orb.
     0 | D:1      | Reached XP level 1. HP: 19/19 MP: 3/3
   184 | D:1      | Reached XP level 2. HP: 16/26 MP: 5/5
   529 | D:1      | Reached XP level 3. HP: 25/33 MP: 6/6
  1560 | D:2      | Reached XP level 4. HP: 39/40 MP: 7/7
  2092 | D:3      | Noticed a scorpion
  2112 | D:3      | Killed a scorpion
  2113 | D:3      | Reached XP level 5. HP: 11/49 MP: 6/8
  2650 | D:3      | Found a faded altar of an unknown god.
  2988 | D:3      | Found Jeduthig's Distillery.
  3000 | D:3      | Bought a potion of curing for 30 gold pieces
  3000 | D:3      | Bought 2 potions of heal wounds for 100 gold pieces
  3145 | D:4      | Found a hide-covered altar of Uskayaw.
  3181 | D:3      | Bought a potion of degeneration for 10 gold pieces
  3352 | D:4      | Reached XP level 6. HP: 20/57 MP: 9/9
  3816 | D:4      | Noticed Blork the orc
  3839 | D:4      | Killed Blork the orc
  3932 | D:4      | Reached skill level 5 in Axes
  4284 | D:5      | Entered Level 5 of the Dungeon
  4313 | D:5      | Reached XP level 7. HP: 58/66 MP: 10/10
  4397 | D:5      | Noticed Ijyb
  4415 | D:5      | Killed Ijyb
  4430 | D:5      | Identified the +6 quarterstaff "Bipalorohush" {venom, rC+
                  | Str+2 SInv}
  4531 | D:5      | Found a bloodstained altar of Trog.
  4832 | D:6      | Reached skill level 5 in Fighting
  5009 | D:6      | Reached XP level 8. HP: 61/74 MP: 11/11
  5317 | D:6      | Learned a level 3 spell: Hailstorm
  5398 | D:6      | Got the Meditations on Charming Outbursts
  5457 | D:6      | Upgraded the game from 0.30-a0-368-g86fb4627a9 to
                  | 0.30-a0-371-gad7725a93e
  5482 | D:6      | Found the amulet of Elemental Vulnerability {rPois rF--
                  | rC-- AC+8}
  5528 | D:6      | Found a staircase to the Ecumenical Temple.
  5543 | Temple   | Entered the Ecumenical Temple
  5565 | Temple   | Became a worshipper of Ashenzari the Shackled
  5786 | D:7      | Reached skill level 5 in Dodging
  5794 | D:7      | Killed from afar by a steam dragon

Illustrated notes

Levels and vault maps discovered:
D:1:      ldierk_walled_garden, layout_basic, minmay_pentomino_r2
D:2:      layout_loops_corners
D:3:      layout_loops_ring, shapermc_ecumenical_altar_starsandcircs,
          serial_shops, nicolae_shop_trees
D:4:      layout_rooms, mainiacjoe_overflow_concentric_impassable,
          uniq_blork_the_orc
D:5:      layout_rooms, lemuel_tele_altar, grunt_decor_junction, uniq_ijyb
D:6:      layout_cave_pools, minmay_temple_entry_statues_pillars,
          kennysheep_decorative_pillar, centaur_isle
D:7:      layout_rooms, minitemple, kennysheep_little_box,
          nicolae_ossuary_entry_catacombs
Temple:   eino_temple_lava

Skill      XL: |  1  2  3  4  5  6  7  8 |
---------------+-------------------------+-----
Dodging        | 2 3 4 5 |  5.0
Fighting       | 3 4 5 6 |  6.0
Axes           | 4 5 6 |  6.4
Spellcasting   | |  2.0
Conjurations   | |  3.0

Action                   |  1- 3 |  4- 6 |  7- 9 || total
-------------------------+-------+-------+-------++-------
Melee: Hand axe          |   144 |    57 |       ||   201
       Dagger            |       |   125 |    14 ||   139
       Punch             |       |     1 |       ||     1
       Quarterstaff      |       |       |    78 ||    78
 Cast: Kiss of Death     |       |     1 |       ||     1
       Hailstorm         |       |       |     2 ||     2
 Abil: Spit Poison       |    18 |    16 |     1 ||    35
  Use: Scroll            |     5 |       |     3 ||     8
       Potion            |       |     3 |     1 ||     4
Armor: Leather armour    |    32 |    29 |    46 ||   107
       Skin              |       |       |    11 ||    11
Dodge: Dodged            |    73 |    80 |    68 ||   221

Table legend: (Time is in decaauts)
 A = Elapsed time spent in this place.
 B = Non-inter-level travel time spent in this place.
 C = Inter-level travel time spent in this place.
 D = Time resting spent in this place.
 E = Time spent auto-exploring this place.
 F = Levels seen in this place.
 G = Mean time per level.
                   A        B        C        D        E       F      G
               +--------+--------+--------+--------+--------+-----+--------+
         Total |   7190 |   6915 |    275 |    825 |   4290 |   8 |  898.8 |
       Dungeon |   7148 |   6883 |    265 |    825 |   4275 |   7 | 1021.1 |
        Temple |     42 |     32 |     10 |      0 |     15 |   1 |   42.0 |
               +--------+--------+--------+--------+--------+-----+--------+

Top non-repeatable levels by time:
     D:3: 1573 daAuts
     D:2: 1285 daAuts
     D:4: 1248 daAuts
     D:1: 1245 daAuts
     D:6: 989 daAuts
     D:5: 611 daAuts
     D:7: 194 daAuts
  Temple: 42 daAuts
